 Dungeon Crawl Stone Soup version 0.18.1-48-g4cf74bf (webtiles) character file.

174 Heedrag the Magician (level 5, 0/28 HPs)
             Began as a Deep Elf Conjurer on July 23, 2016.
             Slain by Grinder (2 damage)
             ... on level 4 of the Dungeon.
             The game lasted 00:07:22 (2602 turns).

Heedrag the Magician (Deep Elf Conjurer)            Turns: 2602, Time: 00:07:23

Health: 0/28       AC:  3    Str:  6    XL:     5   Next: 28%
Magic:  1/16       EV: 13    Int: 20    God:
Gold:   208        SH:  0    Dex: 15    Spells: 3 memorised, 9 levels left

rFire  . . .     SeeInvis .     p - +4 quarterstaff (chaos)
rCold  . . .     Gourm    .     a - +0 robe
rNeg   . . .     Faith    .     (shield currently unavailable)
rPois  .         Spirit   .     (no helmet)
rElec  .         Dismiss  .     u - +0 cloak
rCorr  .         Reflect  .     (no gloves)
SustAt .         Harm     .     (no boots)
MR     .....                    (no amulet)
Stlth  ++........               (no ring)
                                (no ring)

@: very slightly contaminated, not resistant to hostile enchantments, unstealthy
A: no striking features
a: no special abilities


You were on level 4 of the Dungeon.
You were not hungry.

You visited 1 branch of the dungeon, and saw 4 of its levels.

You collected 208 gold pieces.

Inventory:

Hand Weapons
 d - a +0 dagger
 p - a +4 quarterstaff of chaos (weapon)
Armour
 a - a +0 robe (worn)
 u - a +0 cloak (worn)
 v - a +0 helmet
Jewellery
 q - an uncursed amulet of rage {unknown}
 y - an uncursed ring of fire {unknown}
Scrolls
 e - a scroll of random uselessness {unknown}
 f - 2 scrolls of enchant armour {unknown}
 j - 3 scrolls of identify {unknown}
 m - a scroll of magic mapping {unknown}
 o - a scroll of noise {unknown}
 r - a scroll of fear {unknown}
 s - 2 scrolls of enchant weapon {unknown}
 w - a scroll of remove curse {unknown}
 x - a scroll of amnesia {unknown}
Potions
 g - a potion of brilliance {unknown}
 h - 2 potions of curing {unknown}
 i - 2 potions of lignification {unknown}
 l - a potion of agility {unknown}
 n - a potion of magic {unknown}
 t - 2 potions of ambrosia {unknown}
 z - a potion of degeneration {unknown}
 C - a potion of cancellation {unknown}
Books
 b - a book of Conjurations

   Spells                             Type                      Level
   a - Magic Dart                     Conjuration                  1
   b - Searing Ray                    Conjuration                  2
   c - Dazzling Spray                 Conjuration/Hexes            3
   d - Fulminant Prism                Conjuration/Hexes            4
   e - Iskenderun's Mystic Blast      Conjuration                  4
   f - Iskenderun's Battlesphere      Conjuration/Charms           5
Comestibles
 c - 3 bread rations
 k - 2 meat rations
 A - a royal jelly
 B - a beef jerky
 D - 3 chunks of flesh


   Skills:
 - Level 0.1 Fighting
 - Level 0.2 Short Blades
 - Level 2.6 Dodging
 - Level 2.5 Stealth
 * Level 6.6 Spellcasting
 - Level 5.1 Conjurations


You had 9 spell levels left.
You knew the following spells:

 Your Spells              Type           Power        Failure   Level  Hunger
a - Magic Dart            Conj           ####         1%          1    None
b - Dazzling Spray        Conj/Hex       ###...       12%         3    #......
c - Iskenderun's Mystic   Conj           ####....     14%         4    ###....


Dungeon Overview and Level Annotations

Branches:
Dungeon (4/15)
 Temple: D:4-7

Altars:
Fedhas
Makhleb
Pakellas
Trog

Annotations:
D:4 Grinder


Message History

Casting: Magic Dart
Confirm with . or Enter, or press ? or * to list all spells.
Aiming: Dazzling Spray
Press: ? - help, Shift-Dir - straight line, f/p - Grinder
Aim: Grinder (severely wounded, blind)
You miscast Dazzling Spray.
You are very lightly contaminated with residual magic.
You hear an indistinct dissonance whispering inside your mind.
Grinder is no longer blind.
Grinder hits you!
* * * LOW HITPOINT WARNING * * *
You writhe in agony.
* * * LOW HITPOINT WARNING * * *
Casting: Dazzling Spray
Confirm with . or Enter, or press ? or * to list all spells.
You don't have enough magic to cast that spell.
You hit Grinder.
You hear strange and distant voices.
Grinder is almost dead.
Grinder hits you.
You die...

.........#......##........
...........###..##.#####.
########.#####...........>
#.................#
#.####...^..#####.. #.#
#.###### #.# #.# #.#
#.#### #.# #..@.#
#.....###5# #####. .# #.
.# #. .. .. .. .. ..# ..#


You could see Grinder.

Vanquished Creatures
  A hound (D:2)
  Crazy Yiuf (D:3)
  2 worker ants
  An adder (D:3)
  2 worms
  A dart slug (D:2)
  2 orcs (D:3)
  A giant cockroach (D:1)
  4 goblins
  5 hobgoblins
  13 jackals
  A quokka (D:2)
  A bat (D:3)
  2 giant newts
  4 kobolds
  7 rats
48 creatures vanquished.

Notes
Turn   | Place    | Note
--------------------------------------------------------------
     0 | D:1      | Heedrag the Deep Elf Conjurer began the quest for the Orb.
     0 | D:1      | Reached XP level 1. HP: 10/10 MP: 6/6
   156 | D:1      | Reached XP level 2. HP: 6/15 MP: 0/8
   579 | D:1      | Reached skill level 5 in Conjurations
  1084 | D:2      | Reached XP level 3. HP: 18/19 MP: 4/9
  1089 | D:2      | Learned a level 3 spell: Dazzling Spray
  1178 | D:2      | Found an oddly glowing altar of Pakellas.
  1228 | D:2      | Found a burning altar of Makhleb.
  1232 | D:2      | Reached skill level 4 in Spellcasting
  1289 | D:2      | Found a faded altar to an unknown god.
  1335 | D:2      | Found a bloodstained altar of Trog.
  1474 | D:2      | Reached XP level 4. HP: 24/24 MP: 8/12
  1537 | D:2      | Learned a level 4 spell: Iskenderun's Mystic Blast
  1898 | D:3      | Noticed Crazy Yiuf
  1905 | D:3      | Killed Crazy Yiuf
  1905 | D:3      | Reached skill level 5 in Spellcasting
  2075 | D:3      | Found a blossoming altar of Fedhas.
  2182 | D:3      | Reached skill level 6 in Spellcasting
  2182 | D:3      | Reached XP level 5. HP: 12/28 MP: 0/15
  2594 | D:4      | Noticed Grinder
  2602 | D:4      | Slain by Grinder

Skill      XL: |  1  2  3  4 |
---------------+-------------+-----
Conjurations   | 5 |  5.1
Spellcasting   | 4 6 |  6.6
Fighting       | |  0.1
Short Blades   | |  0.2
Dodging        | |  2.6
Stealth        | |  2.5

Action                   |  1- 3 |  4- 6 || total
-------------------------+-------+-------++-------
Melee: Dagger            |    27 |       ||    27
       Quarterstaff      |       |     1 ||     1
 Cast: Magic Dart        |    66 |    55 ||   121
       Dazzling Spray    |       |     7 ||     7
  Eat: Chunk             |     2 |     3 ||     5
Armor: Robe              |     6 |       ||     6
Dodge: Dodged            |    28 |    11 ||    39
